TOP OF THE 1ST |
Virginia Beach Deuces batting - Pitching for Ft. Polk South Thunder Hawks : RHP Ratko Davidovic
|
Pitching: RHP Ratko Davidovic
|
|
Batting: RHB Luis Díaz
|
0-0: Called Strike 0-1: Swinging Strike 0-2: Ball 1-2: Foul Ball, location: 2F 1-2: Ball 2-2: Fly out, F5 (Popup, 56S)
|
Batting: RHB Stephen McManus
|
0-0: Ball 1-0: Ground out 4-3 (Groundball, 4)
|
Batting: RHB Paul Tate
|
0-0: DOUBLE (Line Drive, 5D)
|
Batting: RHB Paul Byrd
|
0-0: Foul Ball, location: 2F 0-1: Foul Ball, location: 2F 0-2: Ball 1-2: Foul Ball, location: 2F 1-2: Fly out, F9 (Flyball, 9)
|
Top of the 1st over - 0 runs, 1 hit, 0 errors, 1 left on base; Virginia Beach 0 - Ft. Polk South 0 |
BOTTOM OF THE 1ST |
Ft. Polk South Thunder Hawks batting - Pitching for Virginia Beach Deuces : RHP Tao Zhou
|
Pitching: RHP Tao Zhou
|
|
Batting: LHB Augusto Reyes
|
0-0: Ball 1-0: Called Strike 1-1: Called Strike 1-2: Ball 2-2: Fly out, F8 (Flyball, 8LD)
|
Batting: LHB Yu Miao
|
0-0: Swinging Strike 0-1: Swinging Strike 0-2: SOLO HOME RUN (Flyball, 9D), Distance : 349 ft
|
Batting: RHB Kyuso Kouno
|
0-0: Foul Ball, location: 2F 0-1: Ground out 1-3 (Groundball, P)
|
Batting: LHB Shohei Otani
|
0-0: SINGLE (Flyball, 89M)
|
Batting: LHB Marc Ben
|
0-0: Ball 1-0: Ball 2-0: Called Strike 2-1: Foul Ball, location: 2F 2-2: Ball 3-2: Base on Balls Shohei Otani to second
|
Batting: RHB Pedro Larate
|
0-0: Fly out, F8 (Flyball, 8LS)
|
Bottom of the 1st over - 1 run, 2 hits, 0 errors, 2 left on base; Virginia Beach 0 - Ft. Polk South 1 |
TOP OF THE 2ND |
Virginia Beach Deuces batting - Pitching for Ft. Polk South Thunder Hawks : RHP Ratko Davidovic
|
Batting: LHB Jaime Aguilar
|
0-0: Swinging Strike 0-1: Ball 1-1: Foul Ball, location: 2F 1-2: Strikes out swinging
|
Batting: SHB Iikka Karpinen
|
0-0: Foul Ball, location: 2F 0-1: Ball 1-1: Foul Ball, location: 2F 1-2: Ball 2-2: Ball 3-2: Fly out, F7 (Flyball, 7S)
|
Batting: LHB Abel Apolinrio
|
0-0: Foul Ball, location: 2F 0-1: Ball 1-1: Ball 2-1: Ball 3-1: Called Strike 3-2: Strikes out swinging
|
Top of the 2nd over - 0 runs, 0 hits, 0 errors, 0 left on base; Virginia Beach 0 - Ft. Polk South 1 |
BOTTOM OF THE 2ND |
Ft. Polk South Thunder Hawks batting - Pitching for Virginia Beach Deuces : RHP Tao Zhou
|
Batting: SHB Dong-joo Yu
|
0-0: SINGLE (Groundball, 4M) (infield hit)
|
Batting: RHB Juan Mata
|
0-0: Called Strike 0-1: Fly out, F8 (Flyball, 8RD)
|
Batting: RHB Ruggiero Veneziano
|
0-0: Called Strike 0-1: Grounds into double play, 5-4-3 (Groundball, 5)
|
Bottom of the 2nd over - 0 runs, 1 hit, 0 errors, 0 left on base; Virginia Beach 0 - Ft. Polk South 1 |
TOP OF THE 3RD |
Virginia Beach Deuces batting - Pitching for Ft. Polk South Thunder Hawks : RHP Ratko Davidovic
|
Batting: RHB Juan González
|
0-0: Called Strike 0-1: Called Strike 0-2: Ball 1-2: Fly out, F7 (Flyball, 7LSF)
|
Batting: RHB Ray Covalt
|
0-0: Ball 1-0: Fly out, F5 (Popup, 5SF)
|
Batting: RHB Luis Díaz
|
0-0: Ball 1-0: Ball 2-0: Called Strike 2-1: Called Strike 2-2: Ball 3-2: Foul Ball, location: 2F 3-2: Fly out, F9 (Flyball, 9LD)
|
Top of the 3rd over - 0 runs, 0 hits, 0 errors, 0 left on base; Virginia Beach 0 - Ft. Polk South 1 |
BOTTOM OF THE 3RD |
Ft. Polk South Thunder Hawks batting - Pitching for Virginia Beach Deuces : RHP Tao Zhou
|
Batting: LHB Augusto Reyes
|
0-0: Ball 1-0: SOLO HOME RUN (Flyball, 89XD), Distance : 387 ft
|
Batting: LHB Yu Miao
|
0-0: Ball 1-0: Reached on error, E3 (Groundball, 34S)
|
Batting: RHB Kyuso Kouno
|
0-0: Called Strike 0-1: Ball 1-1: SINGLE (Flyball, 34D) Yu Miao to second Throwing error, E9 Yu Miao scores Kyuso Kouno to second
|
Batting: LHB Shohei Otani
|
0-0: Foul Ball, location: 2F 0-1: Ball 1-1: Ball 2-1: Ball 3-1: Foul Ball, location: 2F 3-2: Strikes out swinging
|
Batting: LHB Marc Ben
|
0-0: Ball 1-0: SINGLE (Line Drive, 89S) Kyuso Kouno to third
|
Batting: RHB Pedro Larate
|
0-0: Called Strike Marc Ben steals 2nd base 0-1: Ball 1-1: Ball 2-1: Ground out 1-3 (Groundball, 13S)
|
Batting: SHB Dong-joo Yu
|
0-0: Swinging Strike 0-1: Called Strike 0-2: Ball 1-2: Ball 2-2: Foul Ball, location: 2F 2-2: Ball 3-2: Fly out, F7 (Flyball, 7D)
|
Bottom of the 3rd over - 2 runs, 3 hits, 2 errors, 2 left on base; Virginia Beach 0 - Ft. Polk South 3 |
TOP OF THE 4TH |
Virginia Beach Deuces batting - Pitching for Ft. Polk South Thunder Hawks : RHP Ratko Davidovic
|
Batting: RHB Stephen McManus
|
0-0: Foul Ball, location: 2F 0-1: Called Strike 0-2: Ball 1-2: Fly out, F5 (Line Drive, 5L)
|
Batting: RHB Paul Tate
|
0-0: Swinging Strike 0-1: Called Strike 0-2: Foul Ball, location: 2F 0-2: Fly out, F3 (Popup, 3DF)
|
Batting: RHB Paul Byrd
|
0-0: Ball 1-0: SINGLE (Flyball, 7LS)
|
Batting: LHB Jaime Aguilar
|
0-0: Ball 1-0: Ball 2-0: Ball 3-0: Called Strike 3-1: Base on Balls Paul Byrd to second
|
Batting: SHB Iikka Karpinen
|
0-0: Called Strike 0-1: Reached on error, E6 (Groundball, 56D) Paul Byrd to third Jaime Aguilar to second
|
Batting: LHB Abel Apolinrio
|
0-0: Ground out U3 (Groundball, 3)
|
Top of the 4th over - 0 runs, 1 hit, 1 error, 3 left on base; Virginia Beach 0 - Ft. Polk South 3 |
BOTTOM OF THE 4TH |
Ft. Polk South Thunder Hawks batting - Pitching for Virginia Beach Deuces : RHP Tao Zhou
|
Batting: RHB Juan Mata
|
0-0: Foul Ball, location: 2F 0-1: Ball 1-1: Ball 2-1: Foul Ball, location: 2F 2-2: Foul Ball, location: 2F 2-2: Strikes out swinging
|
Batting: RHB Ruggiero Veneziano
|
0-0: Ball 1-0: Swinging Strike 1-1: Ground out 5-3 (Groundball, 5)
|
Batting: LHB Augusto Reyes
|
0-0: Ball 1-0: Foul Ball, location: 2F 1-1: Called Strike 1-2: Ball 2-2: SINGLE (Line Drive, 56D)
|
Batting: LHB Yu Miao
|
0-0: Ball 1-0: Fly out, F9 (Flyball, 9LDF)
|
Bottom of the 4th over - 0 runs, 1 hit, 0 errors, 1 left on base; Virginia Beach 0 - Ft. Polk South 3 |
TOP OF THE 5TH |
Virginia Beach Deuces batting - Pitching for Ft. Polk South Thunder Hawks : RHP Ratko Davidovic
|
Batting: RHB Juan González
|
0-0: Ball 1-0: Ground out 6-3 (Groundball, 6M)
|
Batting: RHB Ray Covalt
|
0-0: Swinging Strike 0-1: Foul Ball, location: 2F 0-2: Ball 1-2: Ball 2-2: Ball 3-2: Foul Ball, location: 2F 3-2: Foul Ball, location: 2F 3-2: Ground out 5-3 (Groundball, 5L)
|
Batting: RHB Luis Díaz
|
0-0: Fly out, F3 (Popup, 3DF)
|
Top of the 5th over - 0 runs, 0 hits, 0 errors, 0 left on base; Virginia Beach 0 - Ft. Polk South 3 |
BOTTOM OF THE 5TH |
Ft. Polk South Thunder Hawks batting - Pitching for Virginia Beach Deuces : RHP Tao Zhou
|
Batting: RHB Kyuso Kouno
|
0-0: Ball 1-0: Ball 2-0: Ball 3-0: Called Strike 3-1: Base on Balls
|
Batting: LHB Shohei Otani
|
0-0: SINGLE (Groundball, 4MD) Kyuso Kouno to second Runner from 2nd tries for 3rd, SAFE, no throw
|
Batting: LHB Marc Ben
|
0-0: Ball 1-0: Ball 2-0: Swinging Strike 2-1: Swinging Strike 2-2: SINGLE (Line Drive, 34D) Kyuso Kouno scores Shohei Otani to second
|
Batting: RHB Pedro Larate
|
0-0: Sac Bunt - play at first, batter OUT! 1-3 Shohei Otani to third Marc Ben to second
|
Batting: SHB Dong-joo Yu
|
0-0: Ball 1-0: Fly out, F8 (Flyball, 8LM)
|
Batting: RHB Juan Mata
|
0-0: Foul Ball, location: 2F 0-1: Ball 1-1: Called Strike 1-2: Fly out, F7 (Flyball, 7)
|
Bottom of the 5th over - 1 run, 2 hits, 0 errors, 2 left on base; Virginia Beach 0 - Ft. Polk South 4 |
TOP OF THE 6TH |
Virginia Beach Deuces batting - Pitching for Ft. Polk South Thunder Hawks : RHP Ratko Davidovic
|
Batting: RHB Stephen McManus
|
0-0: Ball 1-0: Swinging Strike 1-1: Ground out 4-3 (Groundball, 4)
|
Batting: RHB Paul Tate
|
0-0: Called Strike 0-1: Ball 1-1: Ball 2-1: Ball 3-1: Swinging Strike 3-2: DOUBLE (Line Drive, 89D) - OUT at third base trying to stretch hit.
|
Batting: RHB Paul Byrd
|
0-0: Ball 1-0: Fly out, F9 (Flyball, 9LS)
|
Top of the 6th over - 0 runs, 1 hit, 0 errors, 0 left on base; Virginia Beach 0 - Ft. Polk South 4 |
BOTTOM OF THE 6TH |
Ft. Polk South Thunder Hawks batting - Pitching for Virginia Beach Deuces : RHP Tao Zhou
|
Batting: RHB Ruggiero Veneziano
|
0-0: SINGLE (Line Drive, 6D)
|
Batting: LHB Augusto Reyes
|
0-0: Ball 1-0: Bunt missed! 1-1: Sac Bunt - play at first, batter OUT! 1-4 Ruggiero Veneziano to second
|
Batting: LHB Yu Miao
|
0-0: Intentional Walk
|
Batting: RHB Kyuso Kouno
|
0-0: Fly out, F9 (Flyball, 9)
|
Batting: LHB Shohei Otani
|
0-0: Ball 1-0: SINGLE (Line Drive, 89S) Ruggiero Veneziano to third Yu Miao to second Runner from 3rd tries for Home, SAFE, no throw
|
Batting: LHB Marc Ben
|
0-0: Ball 1-0: Fielders Choice at 2nd, U4 (Groundball, 4M)
|
Bottom of the 6th over - 1 run, 2 hits, 0 errors, 2 left on base; Virginia Beach 0 - Ft. Polk South 5 |
TOP OF THE 7TH |
Virginia Beach Deuces batting - Pitching for Ft. Polk South Thunder Hawks : RHP Ratko Davidovic
|
Batting: LHB Jaime Aguilar
|
0-0: Called Strike 0-1: Called Strike 0-2: Ball 1-2: Strikes out swinging
|
Pitching: RHP Gunnar Hoglund
|
|
Batting: SHB Iikka Karpinen
|
0-0: Foul Ball, location: 2F 0-1: Foul Ball, location: 2F 0-2: Ball 1-2: Ball 2-2: Foul Ball, location: 2F 2-2: Foul Ball, location: 2F 2-2: Strikes out looking
|
Batting: LHB Abel Apolinrio
|
0-0: SINGLE (Groundball, 25) (infield hit)
|
Batting: RHB Juan González
|
0-0: Called Strike 0-1: Ball 1-1: Swinging Strike 1-2: Ball 2-2: Ball 3-2: Fly out, F8 (Flyball, 8LXD)
|
Top of the 7th over - 0 runs, 1 hit, 0 errors, 1 left on base; Virginia Beach 0 - Ft. Polk South 5 |
BOTTOM OF THE 7TH |
Ft. Polk South Thunder Hawks batting - Pitching for Virginia Beach Deuces : RHP Tao Zhou
|
Batting: RHB Pedro Larate
|
0-0: Called Strike 0-1: Ball 1-1: Called Strike 1-2: Ball 2-2: Ball 3-2: SINGLE (Groundball, 6MD)
|
Pitching: RHP Brian Snyder
|
|
Batting: SHB Dong-joo Yu
|
0-0: Foul Ball, location: 2F 0-1: Ball 1-1: Foul Ball, location: 2F 1-2: Foul Ball, location: 2F 1-2: Ball 2-2: Fielders Choice at 2nd, 6-4 (Groundball, 6)
|
Batting: RHB Juan Mata
|
0-0: Called Strike 0-1: Fly out, F5 (Popup, 56S)
|
Batting: RHB Ruggiero Veneziano
|
0-0: Ball 1-0: Fielders Choice at 2nd, 5-4 (Groundball, 56)
|
Bottom of the 7th over - 0 runs, 1 hit, 0 errors, 1 left on base; Virginia Beach 0 - Ft. Polk South 5 |
TOP OF THE 8TH |
Virginia Beach Deuces batting - Pitching for Ft. Polk South Thunder Hawks : RHP Gunnar Hoglund
|
Batting: RHB Ray Covalt
|
0-0: Ball 1-0: Called Strike 1-1: Ball 2-1: Called Strike 2-2: Strikes out looking
|
Batting: RHB Luis Díaz
|
0-0: Foul Ball, location: 2F 0-1: Ground out 6-3 (Groundball, 6)
|
Batting: RHB Stephen McManus
|
0-0: Ball 1-0: Called Strike 1-1: Called Strike 1-2: Foul Ball, location: 2F 1-2: Foul Ball, location: 2F 1-2: SINGLE (Line Drive, 9LS)
|
Batting: RHB Paul Tate
|
0-0: Ball 1-0: Called Strike 1-1: Foul Ball, location: 2F 1-2: Foul Ball, location: 2F 1-2: Foul Ball, location: 2F 1-2: Ball 2-2: Foul Ball, location: 2F 2-2: Ball 3-2: Base on Balls Stephen McManus to second
|
Batting: RHB Paul Byrd
|
0-0: Ball 1-0: Called Strike 1-1: Called Strike 1-2: Strikes out swinging
|
Top of the 8th over - 0 runs, 1 hit, 0 errors, 2 left on base; Virginia Beach 0 - Ft. Polk South 5 |
BOTTOM OF THE 8TH |
Ft. Polk South Thunder Hawks batting - Pitching for Virginia Beach Deuces : RHP Brian Snyder
|
Batting: LHB Augusto Reyes
|
0-0: Ball 1-0: SINGLE (Line Drive, 56D)
|
Batting: LHB Yu Miao
|
0-0: Called Strike 0-1: Called Strike 0-2: SINGLE (Line Drive, 9S) Augusto Reyes to second
|
Batting: RHB Kyuso Kouno
|
0-0: Ball 1-0: Called Strike 1-1: Ball 2-1: Called Strike 2-2: Ball 3-2: Fly out, F4 (Popup, 4S)
|
Batting: LHB Shohei Otani
|
0-0: Swinging Strike 0-1: Fly out, F7 (Flyball, 7)
|
Batting: LHB Marc Ben
|
0-0: Called Strike 0-1: Ball 1-1: Ball 2-1: Ball 3-1: Foul Ball, location: 2F 3-2: Ground out 4-3 (Groundball, 4)
|
Bottom of the 8th over - 0 runs, 2 hits, 0 errors, 2 left on base; Virginia Beach 0 - Ft. Polk South 5 |
TOP OF THE 9TH |
Virginia Beach Deuces batting - Pitching for Ft. Polk South Thunder Hawks : RHP Gunnar Hoglund
|
Batting: LHB Jaime Aguilar
|
0-0: Ball 1-0: Fly out, F9 (Flyball, 9)
|
Batting: SHB Iikka Karpinen
|
0-0: Called Strike 0-1: Foul Ball, location: 2F 0-2: Strikes out swinging
|
Pitching: RHP Dan Porter
|
|
Batting: LHB Abel Apolinrio
|
0-0: Ball 1-0: Ball 2-0: Called Strike 2-1: Ball 3-1: Ground out 4-3 (Groundball, 4)
|
Top of the 9th over - 0 runs, 0 hits, 0 errors, 0 left on base; Virginia Beach 0 - Ft. Polk South 5 |
|